 Dungeon Crawl Stone Soup version 0.20-a0-495-g2241292 (webtiles) character file.

63 Duskembrace the Vexing (level 3, 0/21 HPs)
             Began as a Felid Enchanter on Jan 18, 2017.
             Succumbed to an adder's poison
             ... on level 2 of the Dungeon.
             The game lasted 00:04:45 (2178 turns).

Duskembrace the Vexing (Felid Enchanter)            Turns: 2178, Time: 00:04:46

Health: 0/21       AC: 21    Str:  4    XL:     3   Next: 89%
Magic:  2/8        EV:  4    Int: 17    God:
Gold:   108        SH:  0    Dex: 18    Spells: 1/7 levels left
                                        Lives:  0   Deaths: 0

rFire    . . .     SeeInvis +     - Unarmed
rCold    . . .     Gourm    .   (armour unavailable)
rNeg     + + +     Faith    .   (shield unavailable)
rPois    +         Spirit   .   (helmet unavailable)
rElec    .         Reflect  .   (cloak unavailable)
rCorr    .         Harm     .   (gloves unavailable)
MR       .....     NoTele   +   (boots unavailable)
Stlth    +++.......             (no amulet)
Regen    0.1/turn               (no ring)
                                (no ring)

@: lethally poisoned (0 -> -2), tree-form
A: no armour, no weapons or thrown items, stealth, (claws 0), (fangs 0), see
invisible, agile 1, carnivore 3, (speed 0), (shaggy fur 0), slow metabolism 1,
wild magic 2, (sharp paws)
a: no special abilities


You were on level 2 of the Dungeon.
You were completely stuffed.
You were a tree.
You visited 1 branch of the dungeon, and saw 2 of its levels.

You collected 108 gold pieces.

Inventory:

Jewellery
 e - an uncursed amulet of magic regeneration {unknown}
Scrolls
 c - a scroll of remove curse {unknown}
 d - a scroll of fog {unknown}
 h - a scroll of teleportation {unknown}
 i - a scroll of blinking {unknown}
Potions
 j - a potion of flight
Books
 a - a book of Maledictions

   Spells                             Type                      Level
   a - Corona                         Hexes                        1
   b - Ensorcelled Hibernation        Hexes/Ice                    2
   c - Confuse                        Hexes                        3
   d - Tukima's Dance                 Hexes                        3
   e - Dazzling Spray                 Conjuration/Hexes            3
Comestibles
 b - a meat ration
 k - a chunk of flesh


   Skills:
 - Level 2.6 Dodging
 + Level 4.5 Stealth
 + Level 2.0 Unarmed Combat
 + Level 2.8 Spellcasting
 + Level 5.1 Hexes


You had one spell level left.
You knew the following spells:

 Your Spells              Type           Power        Failure   Level  Hunger
a - Corona                Hex            ####...      8%          1    #......
b - Ensorcelled Hibernat  Hex/Ice        ###...       24%         2    ##.....
c - Confuse               Hex            ####....     21%         3    ###....


Dungeon Overview and Level Annotations

Branches:
Dungeon (2/15)

Altars:


Innate Abilities, Weirdness & Mutations

You cannot wear armour.
You are incapable of wielding weapons or throwing items.
Your paws allow you to move quietly. (Stealth)
((You have sharp claws.))
((You have razor-sharp teeth.))
You have supernaturally acute eyesight. (SInv)
You are carnivorous and can eat meat at any time.
((You cover ground quickly.))
((You are covered in fur. (AC +1)))
You have a slow metabolism.
((Your sharp claws are effective at attacking unaware monsters.))
You are agile. (Dex +2)
Your spells are harder to cast, but more powerful.


Message History

Your Unarmed Combat skill increases to level 2!
The bat barely misses you.
You smack the bat!
You kill the bat!
You hit the worm.
The worm is lightly wounded.
* * * LOW HITPOINT WARNING * * *
You feel sick.
You hit the worm.
The worm is moderately wounded.
The worm bites you.
* * * LOW HITPOINT WARNING * * *
You hit the worm.
The worm is moderately wounded.
The worm bites you but does no damage.
You hit the worm.
The worm is heavily wounded.
You hit the worm.
The worm is severely wounded.
You die...

### ##♣##
##w#.############
#.###.##........#
#.....##
##.#.######.#
#?...# ##.##.#
#.# ......
#.#.###.#### #.#
###.. #.........#
#.# ##.
######.##.###.# #
#........#


You could see a worm.

Vanquished Creatures
  A gnoll (D:1)
  2 adders (D:2)
  2 leopard geckos (D:1)
  6 bats
  A giant cockroach (D:1)
  5 goblins (D:1)
  3 hobgoblins
  5 kobolds (D:1)
  A ball python (D:1)
  4 frilled lizards
  7 rats
37 creatures vanquished.

Notes
Turn   | Place    | Note
-------+----------+-------------------------------------------
     0 | D:1      | Duskembrace the Felid Enchanter began the quest for the Orb.
     0 | D:1      | Reached XP level 1. HP: 7/7 MP: 4/4
   249 | D:1      | Reached XP level 2. HP: 4/11 MP: 6/6
   654 | D:1      | Learned a level 2 spell: Ensorcelled Hibernation
  1368 | D:1      | Reached skill level 5 in Hexes
  1368 | D:1      | Reached XP level 3. HP: 14/14 MP: 2/7
  1948 | D:2      | Learned a level 3 spell: Confuse
  2169 | D:2      | Gained mutation: Your spells are a little harder to cast, but a little more powerful. [potion of mutation]
  2169 | D:2      | Gained mutation: You are agile. (Dex +2) [potion of mutation]
  2169 | D:2      | Gained mutation: Your spells are harder to cast, but more powerful. [potion of mutation]
  2175 | D:2      | HP: 1/21 [worm (1)]
  2178 | D:2      | Succumbed to an adder's poison

Vault maps used:
D:1:      saegor_arrival_simple_a, minmay_misc_feat_encased

Skill      XL: |  1  2  3 |
---------------+----------+-----
Hexes          | 5 |  5.1
Unarmed Combat | 2 |  2.0
Dodging        | |  2.6
Stealth        | |  4.5
Spellcasting   | |  2.8

Action                   || total
-------------------------++-------
Melee: Unarmed           ||   154
       Bite              ||     9
       Punch             ||     1
 Cast: Ensorcelled Hiber ||    12
       Confuse           ||     2
  Use: Potion            ||     3
 Stab: Sleeping          ||    12
       Distracted        ||     1
  Eat: Chunk             ||    11
Armor: Skin              ||     9
Dodge: Dodged            ||   139
